cohdb
Replays
Latest Replays
All Replays
Popular Replays
Top Player Replays
Match Explorer
How It Works
Community
CoH3 Stats
Reddit
Sign in to upload your games and track your stats! →
Sign in with Steam
Match 42759114
Unlisted
Match 42759114
Overview
Messages
Build Orders
End
Vickers Machine Gun Team
Construct Section Command Post
Selects Heavy Armor Battlegroup
Infantry Section
Infantry Section
Infantry Section
Royal Engineer Section
Grenade Package
Construct Platoon Command Post
Selects Engineer Detachments
CMP 15cwt Truck
Infantry Section
6-pounder Anti-tank Gun Team
Infantry Training
Unlock Bishop Self-propelled Artillery
CMP 15cwt Truck
Steaamed Hamz
AusGap
楚云飞
R.U.C
zaro
Team saupiquet
0
0
Comments
sign in to comment!
No comments posted yet!